 Dungeon Crawl Stone Soup version 0.16-a0-3589-g642d6c3 (webtiles) character file.

144 Minkie the Skirmisher (level 5, -5/44 HPs)
             Began as a Formicid Fighter on Jan 11, 2015.
             Slain by Grinder (8 damage)
             ... on level 3 of the Dungeon.
             The game lasted 00:05:07 (1632 turns).

Minkie the Skirmisher (Formicid Fighter)            Turns: 1632, Time: 00:05:07

Health: -5/44      AC:  8    Str: 20    XL:     5   Next: 52%
Magic:  7/7        EV:  8    Int: 11    God:
Gold:   83         SH:  9    Dex: 10    Spells: 0 memorised, 4 levels left

rFire  . . .     SeeInvis +     a - +0 flail
rCold  . . .     Clarity  .     i - +0 ring mail (curse)
rNeg   . . .     SustAb   .     c - +0 shield
rPois  .         Gourm    .     (helmet unavailable)
rElec  .         Spirit   .     k - +0 cloak
rCorr  .         Warding  .     h - +0 pair of gloves
rMut   .         Stasis   +     (no boots)
MR     .....                    (no amulet)
Stlth  ..........               (no ring)
                                r - +2 ring of intelligence

@: not resistant to hostile enchantments, extremely unstealthy
A: permanent stasis, dig shafts and tunnels, four strong arms, antennae 3
a: Dig, Shaft Self


You were on level 3 of the Dungeon.
You were not hungry.

You visited 1 branch of the dungeon, and saw 3 of its levels.

You collected 83 gold pieces.

Inventory:

Hand weapons
 a - a +0 flail (weapon)
Missiles
 u - 11 silver bolts
Armour
 b - a +0 scale mail
 c - a +0 shield (worn)
 h - a +0 pair of gloves (worn)
 i - a cursed +0 ring mail (worn)
 k - a +0 cloak (worn)
Jewellery
 r - a +2 ring of intelligence (left hand)
Scrolls
 f - 5 scrolls of remove curse {unknown}
 j - 2 scrolls of teleportation {unknown}
 n - 4 scrolls of identify {unknown}
 p - a scroll of magic mapping {unknown}
 t - a scroll of fear {unknown}
Potions
 e - a potion of might
 g - 2 potions of heal wounds {unknown}
 l - 2 potions of curing {unknown}
 m - a potion of agility {unknown}
 o - 2 potions of haste {unknown}
Comestibles
 d - 5 bread rations
 q - a meat ration
 s - 7 chunks of flesh


   Skills:
 + Level 5.0 Fighting
 + Level 3.9 Maces & Flails
 - Level 3.2 Armour
 - Level 3.6 Shields


You had 4 spell levels left.
You didn't know any spells.

Dungeon Overview and Level Annotations

Branches:
Dungeon (3/15)

Altars:

Annotations:
D:3 Grinder


Innate Abilities, Weirdness & Mutations

You are under a permanent stasis effect.
You can dig through walls and to a lower floor.
Your four strong arms can wield two-handed weapons with a shield.
You have a pair of large antennae on your head (SInv).


Message History

You barely miss Grinder.
Grinder is heavily wounded.
You block Grinder's attack.
You hit Grinder but do no damage.
Grinder is heavily wounded.
Grinder says, "Wait up."
Grinder hits you.
* * * LOW HITPOINT WARNING * * *
You writhe in agony.
* * * LOW HITPOINT WARNING * * *
You closely miss Grinder.
Grinder is heavily wounded.
Grinder gestures at you. Pain shoots through your body!
* * * LOW HITPOINT WARNING * * *
Unknown command.
You hit Grinder.
Grinder is severely wounded.
Grinder hits you!
You die...

#....# . #....##
###.####.....###
................. .....
#..#....###.
#..###.##....# ##
##...##.##....# ..###
##5.#..........###
.......#.@####..###.....##
#....###..######.#.).
###..#........# #..##)
.....#####..##..####[###
##... #.## #........)
#...#####.# ######...#
#.........# ###.#
#........## ... #........#
##..


You could see Grinder.

Vanquished Creatures
  A centaur skeleton (D:3)
  4 gnolls (D:3)
  An adder (D:2)
  3 worms (D:2)
  3 giant geckos
  An ooze (D:3)
  2 orcs (D:3)
  A ball python (D:1)
  3 giant cockroaches
  4 goblins
  3 hobgoblins (D:1)
  4 kobolds (D:1)
  A quokka (D:2)
  9 bats
  3 giant newts
  8 rats
51 creatures vanquished.

Notes
Turn   | Place    | Note
--------------------------------------------------------------
     0 | D:1      | Minkie, the Formicid Fighter, began the quest for the Orb.
     0 | D:1      | Reached XP level 1. HP: 18/18 MP: 1/1
   168 | D:1      | Reached XP level 2. HP: 21/24 MP: 3/3
   519 | D:1      | Reached XP level 3. HP: 28/30 MP: 4/4
   528 | D:1      | Reached skill level 4 in Fighting
  1158 | D:2      | Reached XP level 4. HP: 30/37 MP: 5/5
  1501 | D:3      | Reached XP level 5. HP: 38/43 MP: 7/7
  1562 | D:3      | Reached skill level 5 in Fighting
  1619 | D:3      | Noticed Grinder
  1632 | D:3      | Slain by Grinder

Action                   |  1- 3 |  4- 6 || total
-------------------------+-------+-------++-------
Melee: Flail             |   120 |    71 ||   191
  Eat: Chunk             |     1 |     2 ||     3
